General information
- name: BNet
- type: Ladder 1vs1/FFA
- host: Battle.net
- saver: 940
map: EchoIsles
- players: 2
- length: 11:49
- speed: Fast
- version: 1.26 W3XP
- replay type: Public
» download(49 KB)
Players
team 1 (loser)
Rubik (
pink | 99 APM | 1173 actions | 11:47)
2 Demon Hunter
1 Mana Burn
1 Evasion
2 Beastmaster
1 Summon Quilbeast
1 Summon Hawk
» actions
| Assign group hotkey | 17 | |
| Basic commands | 108 | |
| Build / train | 48 | |
| Enter build submenu | 12 | |
| Enter hero's abilities submenu | 4 | |
| Give item / drop item | 3 | |
| Remove unit from queue | 1 | |
| Right click | 431 | |
| Select / deselect | 198 | |
| Select group hotkey | 310 | |
| Use ability | 40 | |
1173 total
» units
» upgrades
» buildings
| Altar of Elders | 1 | |
| Moon Well | 4 | |
| Hunter's Hall | 1 | |
| Ancient of War | 1 | |
| Tree of Ages | 1 | |
| Ancient of Wonders | 1 | |
| Tree of Eternity | 1 | |
| Ancient of Lore | 2 | |
12 total
» build order
00:04 Altar of Elders
00:20 Moon Well
01:43 Hunter's Hall
01:48 Ancient of War
02:07 Moon Well
02:59 Tree of Ages
03:19 Moon Well
03:26 Ancient of Wonders
08:22 Tree of Eternity
08:36 Ancient of Lore
08:38 Ancient of Lore
08:41 Moon Well
» items
| Circlet of Nobility | 2 | |
| Boots of Speed | 1 | |
| Claws of Attack +6 | 1 | |
| Potion of Healing | 3 | |
| Staff of Preservation | 1 | |
| Orb of Venom | 1 | |
9 total
team 2 (winner)
940 (
green | 158 APM | 1869 actions | 11:49)
3 Blademaster
1 Wind Walk
2 Critical Strike
2 Goblin Tinker
1 Pocket Factory
1 Engineering Upgrade
» actions
| Assign group hotkey | 19 | |
| Basic commands | 50 | |
| Build / train | 39 | |
| ESC pressed | 1 | |
| Enter build submenu | 8 | |
| Enter hero's abilities submenu | 5 | |
| Right click | 1001 | |
| Select / deselect | 409 | |
| Select group hotkey | 295 | |
| Use ability | 42 | |
1869 total
» units
| Peon | 5 | |
| Grunt | 4 | |
| Troll Headhunter/Berserker | 12 | |
21 total
» upgrades
» buildings
| Altar of Storms | 1 | |
| Orc Burrow | 4 | |
| Barracks | 1 | |
| Voodoo Lounge | 1 | |
| War Mill | 1 | |
| Stronghold | 1 | |
9 total
» build order
00:04 Altar of Storms
00:09 Orc Burrow
00:26 Barracks
01:27 Orc Burrow
01:56 Orc Burrow
02:12 Voodoo Lounge
03:16 War Mill
04:01 Stronghold
04:23 Orc Burrow
» items
| Lesser Clarity Potion | 3 | |
| Healing Salve | 3 | |
| Potion of Healing | 2 | |
| Potion of Mana | 1 | |
9 total
Chat log
(10:54 / All) 940: you are so bad